 Dungeon Crawl Stone Soup version 0.29.1-2-gbd0b4ee654 (webtiles) character file.

Game seed: 1346805523853297543

48 DildoBatman the Conjurer (level 4, -6/32 HPs)
             Began as a Formicid Conjurer on Nov 23, 2022.
             Mangled by a gnoll
             ... wielding a +0 flail
             ... led by a gnoll sergeant
              (7 damage)
             ... on level 8 of the Dungeon.
             The game lasted 00:03:37 (1539 turns).

DildoBatman the Conjurer (Formicid Conjurer)        Turns: 1539, Time: 00:03:37

Health: -6/32      AC:  5    Str: 12    XL:     4   Next: 0%
Magic:  8/8        EV: 12    Int: 19    God:
Gold:   131        SH:  0    Dex: 12    Spells: 5/8 levels left

rFire   . . .      SeeInvis +   a - +0 sling
rCold   . . .      Faith    .   (no shield)
rNeg    . . .      Spirit   .   n - +0 robe
rPois   .          Reflect  .   (helmet unavailable)
rElec   .          Harm     .   k - +2 cloak
rCorr   .          Rampage  .   (no gloves)
Will    .....                   (no boots)
Stlth   ++........              (no amulet)
HPRegen 0.10/turn               (no ring)
MPRegen 0.11/turn               (no ring)

@: no status effects
A: permanent stasis, dig shafts and tunnels, antennae 3, four strong arms
a: Dig, Shaft Self


You were on level 8 of the Dungeon.
You visited 1 branch of the dungeon, and saw 7 of its levels.

You collected 131 gold pieces.

Inventory:

Hand Weapons
 a - a +0 sling (weapon)
 h - a +0 club
 j - a +0 dagger
 s - a +0 short sword of speed
Missiles
 p - 12 stones
 r - 2 silver javelins
 u - a throwing net
 v - 13 poisoned darts
Armour
 k - a +2 cloak (worn)
 n - a +0 robe (worn)
Scrolls
 e - 2 scrolls of magic mapping {unknown}
 g - 3 scrolls of teleportation {unknown}
 i - a scroll of immolation {unknown}
 l - a scroll of enchant weapon {unknown}
 o - 2 scrolls of amnesia {unknown}
 q - a scroll of identify {unknown}
 t - a scroll of blinking {unknown}
Potions
 b - a potion of magic
 c - a potion of mutation {unknown}
 d - 2 potions of curing {unknown}
 f - 2 potions of flight {unknown}
 m - 4 potions of heal wounds {unknown}


   Skills:
 * Level 1.4 Fighting
 * Level 1.4 Armour
 - Level 2.0 Dodging
 - Level 2.4 Stealth
 * Level 2.7 Spellcasting
 * Level 3.9 Conjurations


You had 5 spell levels left.
You knew the following spells:

 Your Spells              Type           Power      Damage    Failure   Level
a - Searing Ray           Conj           34%        2d5       4%          2
c - Magic Dart            Conj           68%        1d6       3%          1

Your spell library contained the following spells:

 Spells                   Type           Power      Damage    Failure   Level
 Dazzling Flash           Conj/Hex       20%        N/A       22%         3
 Fulminant Prism          Conj/Hex       5%         3d7       56%         4
 Iskenderun's Mystic Bla  Conj/Tloc      10%        2d4       56%         4


Dungeon Overview and Level Annotations

Branches:
Dungeon (3/15)

Altars:

Annotations:
D:2 exclusion: 5 sensed monsters (detected)
D:8 Maurice


Innate Abilities, Weirdness & Mutations

You cannot be hasted, slowed, berserked, paralysed or teleported.
You can dig through walls and to a lower floor.
You have a pair of large antennae on your head. (SInv)
Your four strong arms can wield two-handed weapons with a shield.


Message History

What are your orders? t - Shout!
Orders for allies: a - Attack new target. r - Retreat! s - Stop attacking. g - Guard the area. f - Follow me.
Anything else - Cancel.
You shout for attention!
The gnoll misses you. What are your orders? t - Shout!
Orders for allies: a - Attack new target. r - Retreat! s - Stop attacking. g - Guard the area. f - Follow me.
Anything else - Cancel.
You shout for attention!
The gnoll hits you with a +0 flail! The gnoll closely misses you.
The gnoll sergeant hits you from afar with a +0 trident.
What are your orders? t - Shout!
Orders for allies: a - Attack new target. r - Retreat! s - Stop attacking. g - Guard the area. f - Follow me.
Anything else - Cancel.
You shout for attention!
The gnoll closely misses you. The gnoll hits you with a +0 flail.
The gnoll sergeant hits you from afar with a +0 trident!
The howler monkey hits you. What are your orders? t - Shout!
Orders for allies: a - Attack new target. r - Retreat! s - Stop attacking. g - Guard the area. f - Follow me.
Anything else - Cancel.
You shout for attention!
A bullfrog comes into view.
The howler monkey barely misses you. The gnoll hits you with a +0 flail!
You die...

..... .....
######.....
###..........
#.....g......
###.....gg.....
#......gg......
#....@hg.....
#.............
#.......o......
...........#...
.....F.##@.# #.
......# ..#
#..... { .##
#..... ..


You could see Maurice, a gnoll sergeant, a bullfrog, a howler monkey, an orc
wizard and 5 gnolls.

Vanquished Creatures
  4 orcs (D:3)
  7 bats
  3 endoplasms
  4 giant cockroaches
  2 goblins (D:1)
  2 hobgoblins
  5 quokkas
  6 ball pythons
  3 frilled lizards
  A kobold (D:3)
37 creatures vanquished.

Vanquished Creatures (others)
  A fungus (D:8)
1 creature vanquished.

Grand Total: 38 creatures vanquished

Notes
Turn   | Place    | Note
-------+----------+-------------------------------------------
     0 | D:1      | DildoBatman the Formicid Conjurer began the quest for the
                  | Orb.
     0 | D:1      | Reached XP level 1. HP: 13/13 MP: 3/3
   181 | D:1      | Reached XP level 2. HP: 15/20 MP: 1/5
   203 | D:1      | Learned a level 2 spell: Searing Ray
   917 | D:2      | Reached skill level 1 in Fighting
   917 | D:2      | Reached skill level 1 in Armour
   917 | D:2      | Reached XP level 3. HP: 26/26 MP: 6/6
  1041 | D:2      | You fall into a shaft and drop 1 floor!
  1497 | D:3      | Reached XP level 4. HP: 30/32 MP: 5/8
  1499 | D:3      | You fall into a shaft and drop 1 floor!
  1502 | D:4      | You fall into a shaft and drop 1 floor!
  1502 | D:5      | Entered Level 5 of the Dungeon
  1505 | D:5      | You fall into a shaft and drop 2 floors!
  1528 | D:7      | You fall into a shaft and drop 1 floor!
  1530 | D:8      | Noticed a gnoll sergeant
  1534 | D:8      | Noticed Maurice
  1538 | D:8      | HP: 1/32 [howler monkey (5)]
  1539 | D:8      | Noticed a bullfrog
  1539 | D:8      | Mangled by a gnoll

Illustrated notes

Levels and vault maps discovered:
D:1:      nzn_arrival_settlement, layout_rooms, serial_rivers,
          chequers_serial_rivers_micro_c, chequers_serial_rivers_small_a,
          chequers_serial_rivers_micro_e, chequers_serial_rivers_micro_a,
          chequers_serial_rivers_small_b
D:2:      layout_loops_ring, uniq_robin
D:3:      layout_basic
D:4:      layout_loops_ring
D:5:      layout_loops_ring, uniq_crazy_yiuf_cottage
D:7:      layout_basic, grunt_temple_overflow_bloody_war,
          minmay_temple_entry_arrows, chequers_serial_rivers_small_3,
          kennysheep_small_circle
D:8:      layout_cave_pools, lemuel_round_altar, general_overflow_altar,
          mainiacjoe_overflow_alcove_2, minmay_lair_entry_grove,
          serial_bayou_pond_b, kennysheep_another_room, uniq_joseph,
          uniq_maurice, uniq_grum

Skill      XL: |  1  2 |
---------------+-------+-----
Dodging        | 2 |  2.0
Fighting       | 1 |  1.4
Armour         | 1 |  1.4
Stealth        | |  2.4
Spellcasting   | |  2.7
Conjurations   | |  3.9

Action                   |  1- 3 |  4- 6 || total
-------------------------+-------+-------++-------
Melee: Dagger            |    12 |       ||    12
       Club              |     3 |       ||     3
 Fire: Sling             |    52 |       ||    52
 Cast: Magic Dart        |    42 |       ||    42
       Searing Ray       |     3 |       ||     3
 Abil: Shaft Self        |       |     4 ||     4
Armor: Robe              |    21 |       ||    21
Dodge: Dodged            |    40 |     4 ||    44
